 Dungeon Crawl Stone Soup version 0.23.2-40-g277498a001 (webtiles) character file.

Game seed: 14139854429971867893

145 MalarOregon the Ducker (level 5, -3/41 HPs)
             Began as a Merfolk Skald on Aug 13, 2019.
             Slain by an iguana (9 damage)
             ... on level 4 of the Dungeon.
             The game lasted 00:06:10 (5104 turns).

MalarOregon the Ducker (Merfolk Skald)              Turns: 5104, Time: 00:06:11

Health: -3/41      AC:  3    Str: 12    XL:     5   Next: 27%
Magic:  8/8        EV: 10    Int: 13    God:
Gold:   107        SH:  7    Dex: 13    Spells: 7/8 levels left

rFire    . . .     SeeInvis .   a - +0 falchion
rCold    . . .     Gourm    .   f - +0 shield
rNeg     . . .     Faith    .   b - +0 leather armour
rPois    +         Spirit   .   (no helmet)
rElec    .         Reflect  .   (no cloak)
rCorr    .         Harm     .   (no gloves)
MR       .....                  (no boots)
Stlth    +.........             (no amulet)
HPRegen  0.13/turn              q - ring of poison resistance
MPRegen  0.11/turn              (no ring)

@: no status effects
A: change form in water, swift swim, stealthy swim
a: no special abilities


You were on level 4 of the Dungeon.
You were near starving.

You visited 1 branch of the dungeon, and saw 4 of its levels.

You collected 107 gold pieces.

Inventory:

Hand Weapons
 a - a +0 falchion (weapon)
 i - a +0 short sword of speed
   (You took it off a kobold on level 1 of the Dungeon)
Armour
 b - a +0 leather armour (worn)
 f - a +0 shield (worn)
   (You found it on level 1 of the Dungeon)
Jewellery
 q - a ring of poison resistance (left hand)
   (You found it on level 3 of the Dungeon)
Scrolls
 c - a scroll of enchant weapon {unknown}
 j - 4 scrolls of identify {unknown}
 l - a scroll of teleportation {unknown}
 m - 2 scrolls of fog {unknown}
 r - a scroll of immolation {unknown}
 t - a scroll of random uselessness {unknown}
Potions
 d - a potion of mutation {unknown}
 g - a potion of heal wounds {@q2}
 k - a potion of curing {unknown}
 n - a potion of brilliance
 o - a potion of cancellation {unknown}
 s - a potion of degeneration {unknown}
 u - a potion of flight {unknown}
Comestibles
 e - 4 rations {!d}


   Skills:
 + Level 3.1 Fighting
 * Level 3.7 Long Blades
 + Level 1.4 Armour
 + Level 3.8 Dodging
 + Level 1.6 Shields
 - Level 2.0 Spellcasting
 - Level 3.2 Charms


You had 7 spell levels left.
You knew the following spells:

 Your Spells              Type           Power        Failure   Level  Hunger
a - Infusion              Chrm           #...         43%         1    ##.....

Your spell library contained the following spells:

 Spells                   Type           Power        Failure   Level  Hunger
 Song of Slaying          Chrm           #.......     58%         2    ###....
 Shroud of Golubria       Chrm/Tloc      #.........   82%         2    ###....
 Regeneration             Chrm/Necr      #.........   96%         3    ####...
 Spectral Weapon          Hex/Chrm       #.......     96%         3    ####...


Dungeon Overview and Level Annotations

Branches:
Dungeon (4/15)
 Temple: D:4-7

Altars:
Trog
Xom

Annotations:
D:2 Sigmund
D:3 2 transporters, exclusion: moth of wrath, tailblues's ghost, amateur DgSk


Message History

No target in view!
No target in view!
No target in view!
No target in view!
No target in view!
No target in view!
No target in view!
No target in view!
No target in view!
Found 24 arrows.
An iguana comes into view.
Found a stone staircase leading up.
An iguana is nearby!
An iguana is nearby!
The iguana hisses menacingly.
You completely miss the iguana. The iguana bites you!
You hit the iguana.
The iguana hisses menacingly.
The iguana barely misses you.
You hit the iguana.
The iguana bites you but does no damage. x2
You barely miss the iguana. The iguana barely misses you.
You hit the iguana. You block the iguana's attack.
You closely miss the iguana.
The iguana bites you but does no damage.
You barely miss the iguana. The iguana bites you!
* * * LOW HITPOINT WARNING * * *
An iguana is nearby!
You barely miss the iguana. You block the iguana's attack.
The iguana completely misses you.
You hit the iguana. The iguana bites you!
* * * LOW HITPOINT WARNING * * *
You hit the iguana but do no damage.
You are near starving!
The iguana bites you.
* * * LOW HITPOINT WARNING * * *
The iguana closely misses you.
There is a stone staircase leading up here.
You hit the iguana. You block the iguana's attack.
You hit the iguana but do no damage. The iguana bites you!
* * * LOW HITPOINT WARNING * * *
You block the iguana's attack. The iguana barely misses you.
The iguana closely misses you.
There is a stone staircase leading up, spattered with blood here.
A quokka comes into view.
Found a metallic sapphire potion.
Found a stone staircase leading up.
There is a stone staircase leading up, spattered with blood here.
The iguana bites you!
You die...

... #....#.# ..
##.##....#.# #. .
##...##...#.# #.
#.##.....##..#.# #.
#.#.......#....######.#<
#....._...............#.
#.......#....########.
##.....##.............
##..@################
##l## .# #..###.#
#.#<...# ####+#.#.#..#
.............#
.............#
.r...........#
##........#.##


You could see an iguana.

Vanquished Creatures
  A hound (D:2)
  4 adders
  An ooze (D:2)
  6 worms
  3 dart slugs
  A leopard gecko (D:2)
  An orc (D:3)
  4 bats
  3 giant cockroaches
  4 goblins
  6 hobgoblins
  7 kobolds
  A quokka (D:2)
  6 frilled lizards
  6 rats
54 creatures vanquished.

Notes
Turn   | Place    | Note
-------+----------+-------------------------------------------
     0 | D:1      | MalarOregon the Merfolk Skald began the quest for the Orb.
     0 | D:1      | Reached XP level 1. HP: 16/16 MP: 3/3
   149 | D:1      | Reached XP level 2. HP: 15/23 MP: 5/5
   615 | D:1      | Reached skill level 1 in Armour
   740 | D:2      | Reached XP level 3. HP: 23/28 MP: 6/6
   903 | D:2      | Reached skill level 1 in Shields
   903 | D:2      | Reached XP level 4. HP: 27/34 MP: 7/7
   981 | D:2      | Noticed Sigmund
  2220 | D:3      | Reached XP level 5. HP: 17/41 MP: 8/8
  2663 | D:3      | Found a transporter.
  2665 | D:3      | Noticed tailblues's ghost (amateur DgSk)
  2763 | D:3      | HP: 1/41 [worm (3)]
  3616 | D:3      | Noticed a moth of wrath
  3619 | D:3      | Found a bloodstained altar of Trog.
  3807 | D:3      | Found a transporter.
  4665 | D:3      | Found a transporter.
  4741 | D:3      | Found a transporter.
  5022 | D:4      | Found a shimmering altar of Xom.
  5104 | D:4      | Slain by an iguana

Skill      XL: |  1  2  3  4 |
---------------+-------------+-----
Dodging        | 3 |  3.8
Armour         | 1 |  1.4
Long Blades    | 3 |  3.7
Shields        | 1 |  1.6
Fighting       | 3 |  3.1
Spellcasting   | |  2.0
Charms         | |  3.2

Action                   |  1- 3 |  4- 6 || total
-------------------------+-------+-------++-------
Melee: Falchion          |    82 |   228 ||   310
  Use: Potion            |       |     2 ||     2
       Scroll            |       |     1 ||     1
 Stab: Sleeping          |       |     2 ||     2
  Eat: Chunk             |       |    12 ||    12
Armor: Leather armour    |    28 |    35 ||    63
Dodge: Dodged            |    41 |    84 ||   125
Block: Shield            |    23 |    76 ||    99
       Rpst.: Falchion   |    12 |    30 ||    42
